Map: 10000 Feet LE

Players

Serral - Winner!

  • Race: Zerg Zerg
  • League: Grandmaster
  • Spawn Location: 5:00

Jumy (ForJumy)

  • Race: Protoss Protoss
  • League: Master
  • Spawn Location: 11:00

VOD

Have the link to the VOD?

Description

Time

  • Played on: Jan. 30, 2026, 1:42 p.m.
  • Length: 12:03
Show
View Real Time Build Order
Export as new Build Order

Serral Zerg - Winner!

Build Orders: Pool First, Lurkers 

Get SALT Encoding   

  12  0:00  Drone  
  13  0:07  Drone  
  14  0:14  Extractor, Drone  
  15  0:21  Overlord  
  15  0:36  Spawning Pool  
  15  0:39  Drone  
  15  0:43  Drone  
  15  0:47  Drone  
  17  1:05  Drone  
  18  1:13  Hatchery  
  18  1:17  Extractor  
  16  1:23  Zergling x4  
  18  1:28  Queen  
  18  1:31  Drone  
  21  1:39  Overlord  
  21  1:50  Drone  
  22  1:58  Drone  
  23  2:04  Queen  
  25  2:09  Drone  
  26  2:21  Drone  
  26  2:22  Metabolic Boost  
  27  2:25  Drone  
  28  2:31  Queen  
  28  2:36  Drone  
  31  2:38  Drone x3  
  31  2:41  Drone  
  35  2:46  Drone  
  35  2:47  Overlord  
  35  3:03  Hatchery  
  35  3:04  Drone  
  35  3:08  Overlord  
  35  3:15  Drone x3  
  35  3:16  Drone x2  
  35  3:18  Drone  
  41  3:25  Drone  
  42  3:27  Queen  
  42  3:29  Overlord  
  44  3:37  Queen  
  46  3:44  Zergling x4  
  46  3:45  Zergling x2  
  46  3:47  Drone x2  
  51  3:49  Drone x3  
  51  3:52  Overlord  
  54  3:55  Drone  
  54  3:58  Drone  
  56  4:05  Roach Warren  
  56  4:07  Drone  
  56  4:08  Spore Crawler, Drone  
  56  4:16  Drone x4  
  60  4:19  Spore Crawler, Drone x2  
  60  4:20  Drone  
  60  4:23  Drone x2  
  64  4:35  Drone  
  64  4:36  Hatchery  
  64  4:40  Overlord  
  64  4:42  Drone x3  
  64  4:45  Drone x2  
  69  4:46  Drone  
  69  4:50  Lair  
  69  4:52  Drone x2  
  72  4:53  Drone  
  72  4:56  Overlord  
  72  4:57  Extractor  
  72  4:58  Extractor, Overlord  
  71  5:01  Overlord  
  71  5:02  Drone  
  72  5:09  Queen, Spore Crawler  
  73  5:15  Drone  
  73  5:16  Drone x7  
  73  5:18  Drone  
  73  5:19  Drone  
  83  5:27  Drone x3  
  83  5:32  Zergling x2  
  85  5:35  Zergling x10  
  90  5:42  Zergling x2  
  90  5:43  Zergling x2  
  90  5:44  Overlord  
  90  5:47  Drone x2  
  90  5:48  Hatchery  
  90  5:49  Overseer  
  91  5:50  Hydralisk Den  
  91  5:53  Extractor, Zergling x2  
  91  5:54  Zergling x8  
  94  5:57  Overlord  
  94  6:03  Overlord  
  94  6:07  Overlord  
  93  6:12  Drone  
  93  6:13  Drone x4  
  96  6:19  Overlord  
  96  6:20  Drone x2  
  96  6:23  Drone x3  
  96  6:24  Drone  
  102  6:25  Grooved Spines  
  102  6:26  Extractor x2  
  102  6:29  Hydralisk  
  102  6:30  Hydralisk x4  
  102  6:31  Extractor, Hydralisk x3  
  102  6:32  Hydralisk  
  115  6:37  Evolution Chamber  
  115  6:38  Hydralisk, Evolution Chamber  
  117  6:44  Infestation Pit, Hydralisk  
  117  6:45  Hydralisk  
  120  6:52  Drone x9  
  128  6:55  Overseer, Extractor  
  128  6:57  Drone x2  
  129  7:01  Overlord  
  129  7:02  Drone x4  
  129  7:07  Overlord  
  133  7:16  Muscular Augments, Zerg Missile Weapons Level 1, Zerg Melee Weapons Level 1  
  133  7:17  Drone x3  
  133  7:18  Drone x5  
  133  7:20  Hive  
  141  7:24  Overlord  
  141  7:25  Zergling x6  
  141  7:29  Glial Reconstitution  
  144  7:30  Lurker Den  
  144  7:33  Extractor x2, Drone x2  
  143  7:38  Hydralisk x3  
  143  7:39  Zergling x6  
  152  7:45  Hydralisk x4  
  152  7:46  Zergling x2  
  163  7:53  Zergling x14  
  163  7:57  Overlord  
  163  8:00  Hydralisk x4, Zergling x2  
  163  8:03  Zergling x8  
  163  8:05  Zergling x6  
  169  8:12  Zergling x12  
  166  8:16  Overlord x2  
  166  8:17  Overlord  
  166  8:22  Zergling x4  
  166  8:24  Hydralisk  
  166  8:25  Hydralisk  
  172  8:28  Zergling x10  
  177  8:35  Hydralisk x2  
  177  8:36  Zergling x12  
  177  8:37  Pneumatized Carapace  
  187  8:41  Seismic Spines  
  187  8:43  Drone  
  187  8:44  Extractor x2  
  187  8:46  Drone x2  
  187  8:47  Zergling x4  
  190  8:51  Zergling x10  
  190  8:53  Overseer  
  195  8:58  Overlord  
  195  8:59  Overlord x2  
  195  9:00  Zergling x4  
  197  9:06  Spire  
  190  9:12  Zergling x20  
  184  9:18  Lurker x6  
  184  9:21  Zerg Melee Weapons Level 2, Zerg Ground Armor Level 1  
  184  9:23  Zergling x18  
  196  9:36  Hatchery  
  192  9:38  Adaptive Talons  
  192  9:42  Ultralisk Cavern  
  192  9:44  Zergling x14  
  192  9:45  Zergling x8, Spire  
  196  9:50  Hydralisk x3  
  185  10:01  Zergling x30  
  185  10:04  Zergling x4  
  185  10:05  Zergling x8  
  196  10:10  Overseer, Hydralisk  
  196  10:11  Hydralisk  
  195  10:18  Lurker, Hydralisk x2  
  195  10:19  Zergling x12  
  199  10:25  Zergling x6  
  196  10:29  Zergling x8  
  196  10:33  Hydralisk x2  
  196  10:34  Zergling x12  
  190  10:36  Chitinous Plating  
  172  10:54  Corruptor x6  
  178  11:01  Corruptor x2  
  181  11:07  Lurker x5  
  186  11:13  Corruptor x2  
  179  11:23  Corruptor x4  
  181  11:43  Overseer  
Show
View Real Time Build Order
Export as new Build Order

Jumy Protoss 

Build Orders: Oracle Opening, Zealot Archon 

Get SALT Encoding   

  12  0:00  Probe  
  13  0:12  Probe  
  14  0:20  Pylon  
  14  0:24  Probe  
  15  0:34  Probe  
  15  0:42  Gateway  
  16  0:43  Probe  
  17  0:51  Assimilator  
  17  0:54  Probe  
  18  1:06  Probe  
  19  1:18  Probe  
  20  1:25  Zealot  
  20  1:28  Pylon  
  20  1:30  Cybernetics Core  
  22  1:33  Probe  
  23  1:48  Probe  
  26  2:02  Nexus  
  26  2:06  Adept  
  26  2:07  Probe  
  27  2:17  Assimilator  
  27  2:19  Probe  
  28  2:25  Pylon  
  28  2:31  Probe  
  28  2:32  Stargate  
  29  2:45  Warp Gate  
  29  2:47  Probe  
  30  2:55  Gateway  
  30  2:59  Probe  
  30  3:01  Adept  
  33  3:07  Oracle  
  33  3:08  Probe  
  33  3:10  Probe  
  34  3:17  Probe  
  34  3:18  Probe  
  38  3:26  Probe  
  40  3:28  Probe  
  42  3:38  Probe  
  42  3:40  Probe  
  44  3:46  Nexus  
  44  3:50  Probe  
  44  3:54  Oracle  
  48  4:00  Probe  
  48  4:02  Probe  
  50  4:04  Pylon  
  50  4:12  Probe  
  50  4:14  Probe  
  50  4:15  Assimilator  
  52  4:17  Assimilator  
  52  4:23  Shield Battery  
  52  4:24  Probe  
  52  4:26  Probe, Pylon  
  54  4:36  Probe  
  55  4:38  Probe  
  55  4:40  Twilight Council  
  55  4:42  Stalker  
  55  4:44  Forge  
  58  4:48  Probe  
  58  4:50  Probe, Pylon  
  58  4:51  Stalker  
  62  4:54  Probe  
  62  4:56  Probe  
  63  5:02  Probe x2  
  63  5:04  Probe  
  66  5:08  Pylon  
  66  5:10  Robotics Facility  
  66  5:13  Probe  
  67  5:15  Probe x2  
  70  5:22  Probe  
  70  5:27  Probe x2  
  73  5:30  Probe  
  73  5:32  Gateway  
  73  5:35  Gateway  
  74  5:38  Templar Archives  
  74  5:39  Probe x3  
  74  5:40  Gateway  
  77  5:43  Gateway  
  77  5:47  Protoss Ground Weapons Level 1, Charge  
  77  5:51  Probe  
  77  5:53  Assimilator, Observer  
  77  5:54  Probe  
  77  5:55  Probe, Assimilator  
  80  6:01  Immortal  
  80  6:03  Probe  
  82  6:07  Pylon  
  82  6:08  Stalker  
  84  6:13  Probe x2  
  84  6:16  Zealot, Psionic Storm  
  84  6:18  Probe  
  84  6:27  Photon Cannon  
  84  6:33  High Templar  
  84  6:34  Zealot  
  84  6:35  Immortal  
  84  6:36  Gateway  
  84  6:38  Pylon  
  88  6:45  High Templar x2  
  96  6:50  Archon  
  96  6:52  Zealot x2  
  100  6:54  Pylon  
  100  7:05  Pylon, Probe, Fleet Beacon  
  101  7:10  Photon Cannon  
  101  7:12  Photon Cannon  
  101  7:13  Shield Battery, High Templar  
  101  7:14  Zealot x3  
  109  7:17  Pylon  
  109  7:19  Zealot  
  111  7:24  Protoss Air Weapons Level 1  
  111  7:25  High Templar  
  111  7:28  Photon Cannon  
  113  7:30  Probe  
  114  7:37  Zealot x2, High Templar  
  114  7:38  Photon Cannon, Zealot  
  114  7:39  Tempest  
  114  7:42  Zealot  
  114  7:44  Immortal  
  128  7:48  Pylon  
  132  7:55  Probe  
  132  7:57  Probe  
  126  8:05  Nexus  
  110  8:16  Stargate, Protoss Ground Weapons Level 2  
  110  8:21  Photon Cannon  
  110  8:23  Shield Battery, Tempest  
  110  8:25  Pylon  
  110  8:26  Stalker  
  118  8:28  Probe  
  118  8:32  Probe  
  119  8:35  Zealot  
  119  8:36  Assimilator, High Templar  
  119  8:39  Probe  
  119  8:41  Assimilator  
  124  8:44  Warp Prism  
  124  8:47  Stargate  
  124  8:51  Photon Cannon  
  124  8:52  Gateway  
  124  8:53  Gateway  
  124  8:59  Pylon  
  124  9:01  High Templar  
  120  9:13  Probe  
  120  9:14  Tempest  
  121  9:23  Photon Cannon  
  121  9:24  Photon Cannon  
  121  9:25  Zealot x5  
  121  9:26  Shield Battery  
  131  9:31  Stalker  
  133  9:39  Photon Cannon  
  133  9:40  Photon Cannon  
  131  9:48  Stalker  
  131  9:49  Stalker  
  131  9:50  Tempest  
  139  9:53  Zealot  
  139  9:54  Zealot x3  
  139  9:55  Observer  
  139  9:56  Zealot  
  120  10:07  Archon  
  120  10:10  Zealot x2  
  120  10:12  Observer  
  120  10:13  Tempest  
  116  10:18  Zealot x3  
  116  10:20  Probe  
  129  10:26  Zealot x2  
  109  10:42  Observer x2, Zealot x3  
  91  10:50  Tempest, High Templar x2  
  91  10:56  Archon  
  91  11:01  Immortal  
  89  11:04  Zealot  
  89  11:05  Probe  
  89  11:06  Probe  
  91  11:18  Probe  
  91  11:20  Probe  
  91  11:24  High Templar x2  
  91  11:25  Probe  
  97  11:26  Pylon  
  97  11:30  Pylon  
  100  11:46  Gateway  
  93  11:47  Gateway  
Tags
 
Add a new tag
Caveats
  • Supply blocks, unpowered buildings, or Contaminate may cause inaccurate times.
  • Supply counts are checked every 10 seconds.